 Dungeon Sprint DCSS version 0.27-a0-1434-g6f15984924 (webtiles) character file.

Game seed: 15378698281894816856

6409 mhtbhm the Severer (level 10, -7/101 HPs)
             Began as a Minotaur Fighter on July 3, 2021.
             Was the Champion of Trog.
             Mangled by Urug (11 damage)
             ... in the Dungeon (Sprint III: "The Ten Rune Challenge").
             The game lasted 00:04:19 (3165 turns).

mhtbhm the Severer (Minotaur Fighter)               Turns: 3165, Time: 00:04:19

Health: -7/101     AC: 15    Str: 23    XL:     10   Next: 66%
Magic:  9/9        EV: 10    Int:  5    God:    Trog [******]
Gold:   13         SH: 13    Dex:  9    Spells: 9/9 levels left

rFire    . . .     SeeInvis .   a - +0 war axe
rCold    . . .     Faith    .   c - +0 kite shield
rNeg     . . .     Spirit   .   b - +0 chain mail
rPois    .         Reflect  .   (helmet restricted)
rElec    .         Harm     .   (no cloak)
rCorr    .         Rampage  .   (no gloves)
Will     .....     Clarity  +   (no boots) Stlth ..........NoTele +
                                (no amulet)
HPRegen  0.26/turn              (no ring)
MPRegen  0.11/turn              (no ring)

@: lethally poisoned (-7 -> -13), on berserk cooldown, slowed, very slow
A: horns 2, retaliatory headbutt, iridescent scales 1, clarity, clumsy 1
a: Renounce Religion, Berserk, Trog's Hand, Brothers in Arms


You were in the Dungeon.
You worshipped Trog.
Trog was exalted by your worship.
You visited 1 branch You collected 13 gold pieces.

Inventory:

Hand Weapons
 a - a +0 war axe (weapon)
Armour
 b - a +0 chain mail (worn)
 c - a +0 kite shield (worn)
Scrolls
 j - a scroll of blinking
 k - 2 scrolls of holy word {unknown}
 l - 4 scrolls of identify
Potions
 f - 2 potions of mutation
 g - a potion of haste
 h - 2 potions of magic
 m - 3 potions of flight
 n - a potion of lignification {unknown}
Miscellaneous
 d - a piece from Xom's chessboard (15/15)


   Skills:
 + Level 13.1 Fighting
 + Level 17.9 Axes
 + Level 14.4 Armour
 + Level 6.0 Dodging
 + Level 1.6 Stealth
 + Level 12.8 Shields


You had 9 spell levels left.
You didn't know any spells.
Your spell library contained the following spells:

 Spells                   Type           Power      Damage    Failure   Level
 Animate Skeleton         Necr           0%         N/A       97%         1
 Pain                     Necr           0%         1d4       97%         1
 Vampiric Draining        Necr           0%         2d6       100%        3


Dungeon Overview and Level Annotations

Branches:
Dungeon (1/1)

Altars:
Cheibriados
Dithmenos
Elyvilon
Fedhas
Gozag
Hepliaklqana
Kikubaaqudgha
Makhleb
Nemelex Xobeh
Okawaru
Qazlal
Ru
Sif Muna
Trog
Uskayaw
Vehumet
Wu Jian
Xom
Yredelemnul
Zin
The Shining One
Beogh
Jiyva
Lugonu

Annotations:
D Urug


Innate Abilities, Weirdness & Mutations

You have a pair of horns on your head.
You reflexively headbutt those who attack you in melee.
You are partially covered in iridescent scales. (AC +2)
You possess an exceptional clarity of mind.
You are clumsy. (Dex -2)


Message History

You feel a strong urge to attack something.
You feel very sick. Urug hits you with a +5 scimitar!!
Your chain mail prevents you from hitting Urug.
You feel very sick.
You slash Urug!
Urug is lightly wounded.
You feel very sick. You block Urug's attack.
You hit Urug.
Urug is moderately wounded.
You feel sick.
You hit Urug.
Urug is moderately wounded.
You feel sick.
You closely miss Urug. Your headbutt misses Urug.
Urug is moderately wounded.
You feel sick. Urug hits you with a +5 scimitar.
You slice Urug!! Your headbutt misses Urug.
Urug is heavily wounded.
You feel sick.
You closely miss Urug.
Urug is heavily wounded.
You feel sick. Urug hits you with a +5 scimitar!!
* * * LOW HITPOINT WARNING * * *
You hit Urug. Your headbutt misses Urug.
Urug is severely wounded.
You feel sick.
You slash Urug!
Urug is almost dead.
You are no longer berserk.
You are exhausted.
You feel yourself slow down.
You feel sick. Urug hits you with a +5 scimitar!
* * * LOW HITPOINT WARNING * * *
You hit Urug but do no damage. You headbutt Urug!
Urug is almost dead.
* * * LOW HITPOINT WARNING * * *
You feel very sick. Urug hits you with a +5 scimitar!
You die...

♣.....♣♣♣♣≈≈≈........≈≈≈...##.#
♣.≈≈≈≈'♣♣†♣≈≈≈≈≈≈≈≈≈≈≈≈♣♣P.'.#.
+....†#.≈♣♣♣♣♣♣♣♣♣♣♣♣♣♣♣♣PP##.#
♣♣♣♣♣♣#..♣♣ ♣♣♣# +# ###'♣♣♣♣♣
♣♣♣♣.##..## ♣...##.##.#
♣♣.##.##.##+ ♣..#÷##.@.#
♣♣.##.##o.# ♣♣.##.##### ♣.....#
#######


You could see Urug.

Vanquished Creatures
  Josephine (D)
  A centaur warrior (D)
  A deep elf pyromancer (D)
  A lindwurm (D)
  2 cane toads (D)
  2 unseen horrors (D)
  A rime drake (D)
  A komodo dragon (D)
  2 tyrant leeches (D)
  3 wandering mushrooms (D)
  3 redbacks (D)
  A shadow (D)
  A spatial vortex (D)
  A swamp drake (D)
  A necrophage (D)
  2 centaurs (D)
  An earth elemental (D)
  A water elemental (D)
  A jelly (D)
  A wizard (D)
  Jessica (D)
  A necromancer (D)
  3 humans (D)
  A kobold demonologist (D)
  A phantom (D)
  An endoplasm (D)
  2 rats (D)
38 creatures vanquished.

Vanquished Creatures (others)
  2 plants (D)
2 creatures vanquished.

Grand Total: 40 creatures vanquished

Notes
Turn   | Place    | Note
-------+----------+-------------------------------------------
     0 | D        | mhtbhm the Minotaur Fighter began the quest for the Orb.
     0 | D        | Reached XP level 1. HP: 19/19 MP: 0/0
    42 | D        | Noticed Jessica
    51 | D        | Killed Jessica
    52 | D        | Reached skill level 5 in Fighting
    52 | D        | Reached skill level 3 in Axes
    52 | D        | Reached skill level 5 in Armour
    52 | D        | Reached skill level 5 in Shields
    52 | D        | Reached XP level 2. HP: 25/29 MP: 1/1
    52 | D        | Reached XP level 3. HP: 31/36 MP: 2/2
   200 | D        | Reached skill level 4 in Axes
   278 | D        | Reached skill level 1 in Dodging
   310 | D        | Gained mutation: Your mind is acute. (Int +2) [potion of
                  | mutation]
   310 | D        | Gained mutation: Potions are less effective at restoring
                  | your health. [potion of mutation]
   310 | D        | Lost mutation: Potions are less effective at restoring your
                  | health. [potion of mutation]
   311 | D        | Lost mutation: Your mind is acute. (Int +2) [potion of
                  | mutation]
   311 | D        | Gained mutation: You possess an exceptional clarity of
                  | mind. [potion of mutation]
   311 | D        | Gained mutation: You are clumsy. (Dex -2) [potion of
                  | mutation]
   311 | D        | Gained mutation: You are partially covered in iridescent
                  | scales. (AC +2) [potion of mutation]
   312 | D        | Noticed a water elemental
   319 | D        | Killed a water elemental
   320 | D        | Reached skill level 5 in Axes
   320 | D        | Reached XP level 4. HP: 16/45 MP: 3/3
   515 | D        | Found a hide-covered altar of Uskayaw.
   515 | D        | Found an iron altar of Okawaru.
   515 | D        | Found a bloodstained altar of Trog.
   515 | D        | Found an ornate altar of the Wu Jian Council.
   515 | D        | Noticed a human
   515 | D        | Noticed a human
   521 | D        | Killed a human
   522 | D        | Reached skill level 7 in Axes
   522 | D        | Reached XP level 5. HP: 53/53 MP: 4/4
   524 | D        | Killed a human
   525 | D        | Reached skill level 8 in Axes
   525 | D        | Reached XP level 6. HP: 63/63 MP: 5/5
   580 | D        | Found a basalt altar of Yredelemnul.
   580 | D        | Found a shadowy altar of Dithmenos.
   580 | D        | Found a sacrificial altar of Ru.
   604 | D        | Reached skill level 9 in Axes
   825 | D        | Became a worshipper of Trog the Wrathful
   838 | D        | Found a radiant altar of Vehumet.
   838 | D        | Found a shimmering blue altar of Sif Muna.
   838 | D        | Found an ancient bone altar of Kikubaaqudgha.
   840 | D        | Reached XP level 7. HP: 70/70 MP: 6/6
   841 | D        | Reached * piety under Trog
   887 | D        | Found a glowing silver altar of Zin.
   887 | D        | Found a glowing golden altar of the Shining One.
   887 | D        | Found a white marble altar of Elyvilon.
   888 | D        | Noticed a deep elf pyromancer
   892 | D        | Noticed a fire elemental
   902 | D        | Killed a deep elf pyromancer
   902 | D        | Reached ** piety under Trog
   903 | D        | Reached skill level 10 in Fighting
   903 | D        | Reached skill level 11 in Axes
   903 | D        | Reached skill level 10 in Armour
   903 | D        | Reached skill level 10 in Shields
  1041 | D        | Reached XP level 8. HP: 77/80 MP: 7/7
  1060 | D        | Reached skill level 12 in Axes
  1210 | D        | Found a blossoming altar of Fedhas.
  1210 | D        | Found a stormy altar of Qazlal.
  1210 | D        | Found a snail-covered altar of Cheibriados.
  1210 | D        | Found a burning altar of Makhleb.
  1210 | D        | Found a shimmering altar of Xom.
  1211 | D        | Found a hazy altar of Hepliaklqana.
  1211 | D        | Found an opulent altar of Gozag.
  1211 | D        | Found a sparkling altar of Nemelex Xobeh.
  1211 | D        | Found a corrupted altar of Lugonu.
  1211 | D        | Found a viscous altar of Jiyva.
  1220 | D        | Reached skill level 1 in Stealth
  1388 | D        | Noticed Josephine
  1407 | D        | Killed Josephine
  1407 | D        | Reached *** piety under Trog
  1408 | D        | Reached skill level 14 in Axes
  1408 | D        | Reached XP level 9. HP: 21/89 MP: 8/8
  1773 | D        | Noticed a centaur warrior
  1780 | D        | Killed a centaur warrior
  1780 | D        | Reached **** piety under Trog
  1781 | D        | Reached skill level 15 in Axes
  1781 | D        | Reached skill level 5 in Dodging
  1852 | D        | Killed an unseen horror
  1865 | D        | Killed an unseen horror
  1866 | D        | Reached skill level 16 in Axes
  1979 | D        | Noticed a wandering mushroom
  1983 | D        | Noticed a wandering mushroom
  1985 | D        | Noticed a wandering mushroom
  1998 | D        | Killed a wandering mushroom
  1998 | D        | Reached ***** piety under Trog
  2006 | D        | Reached XP level 10. HP: 71/97 MP: 9/9
  2116 | D        | Noticed a cane toad
  2116 | D        | Noticed a cane toad
  2128 | D        | Killed a cane toad
  2135 | D        | Killed a cane toad
  2136 | D        | Reached skill level 17 in Axes
  2364 | D        | HP: 7/150 [tyrant leech (8)]
  2366 | D        | Reached ****** piety under Trog
  2734 | D        | Noticed a lindwurm
  2740 | D        | Killed a lindwurm
  3154 | D        | Noticed Urug
  3165 | D        | HP: 4/101 [poisoned by a redback]
  3165 | D        | Mangled by Urug

Illustrated notes

Levels and vault maps discovered:
D:        dungeon_sprint_mu [sprint_mu_entry_forest, sprint_mu_temple_rooms,
          sprint_mu_d1_horrors, sprint_mu_d2_genie, sprint_mu_d3_branching,
          sprint_mu_orc_legion, sprint_mu_elf_gauntlet, sprint_mu_hive_nellie,
          sprint_mu_lair_fedhas, sprint_mu_vaults_butterflies,
          sprint_mu_slime_circle, sprint_mu_swamp_cave, sprint_mu_shoals_archi,
          sprint_mu_blade_basic, sprint_mu_crypt_chambers,
          sprint_mu_tomb_spiral, sprint_mu_vestibule_basic,
          sprint_mu_gehenna_hellfire, sprint_mu_dis_giant,
          sprint_mu_tartarus_statrot, sprint_mu_cocytus_islands, sprint_mu_zot1]

Skill      XL: |  1  2  3  4  5  6  7  8  9 10 |
---------------+-------------------------------+-----
Fighting       | 5 6 8 9 10 11 12 13 | 13.1
Armour         | 5 6 7 8 9 10 11 13 14 | 14.4
Shields        | 5 6 8 9 10 11 12 | 12.8
Axes           | 3 5 7 8 9 11 14 16 17 | 17.9
Dodging        | 1 2 3 4 5 6 |  6.0
Stealth        | 1 |  1.6

Action                   |  1- 3 |  4- 6 |  7- 9 | 10-12 || total
-------------------------+-------+-------+-------+-------++-------
Melee: War axe           |    29 |    30 |    75 |    84 ||   218
       Headbutt          |     6 |     4 |    17 |     8 ||    35
Invok: Berserk           |       |       |     3 |     4 ||     7
  Use: Potion            |     3 |     3 |       |       ||     6
Armor: Scale mail        |     8 |     1 |       |       ||     9
       Chain mail        |       |     8 |    28 |     8 ||    44
Dodge: Dodged            |    13 |     6 |    14 |    10 ||    43
Block: Kite shield       |    14 |    11 |    37 |    18 ||    80

Table legend: (Time is in decaauts)
 A = Elapsed time spent in this place.
 B = Non-inter-level travel time spent in this place.
 C = Inter-level travel time spent in this place.
 D = Time resting spent in this place.
 E = Time spent auto-exploring this place.
 F = Levels seen in this place.
 G = Mean time per level.
                   A        B        C        D        E       F      G
               +--------+--------+--------+--------+--------+-----+--------+
         Total |   3225 |   3225 |      0 |   2632 |      1 |   1 | 3225.0 |
       Dungeon |   3225 |   3225 |      0 |   2632 |      1 |   1 | 3225.0 |
               +--------+--------+--------+--------+--------+-----+--------+

Top non-repeatable levels by time:
       D: 3225 daAuts
